 Dungeon Crawl Stone Soup version 0.31-a0-431-g88bdf31460 (webtiles) character file.

Game seed: 13753713934360552942

122 floatRand the Ruffian (level 4, -7/35 HPs)
             Began as a Draconian Shapeshifter on July 31, 2023.
             Was an Initiate of Wu Jian.
             Killed by divine providence
             ... invoked by an orc priest
              (12 damage)
             ... on level 3 of the Dungeon.
             The game lasted 00:01:48 (2213 turns).

floatRand the Ruffian (Draconian Shapeshifter)      Turns: 2213, Time: 00:01:48

Health: -7/35      AC:  5    Str: 23    XL:     4   Next: 78%
Magic:  4/4        EV: 12    Int:  8    God:    Wu Jian [......]
Gold:   144        SH:  0    Dex: 14    Spells: 3/3 levels left

rFire   . .          .
                       - Unarmed
rCold   . . .        (no shield)
rNeg    . . .        (body armour unavailable)
rPois   .            (helmet currently unavailable)
rElec   .            (cloak currently unavailable)
rCorr   .            (gloves currently unavailable)
SInv    .            (boots currently unavailable)
Will    .....        (no amulet)
Stlth   +            d - ring of flight
HPRegen 0.25/turn    h - +6 ring of strength
MPRegen 0.09/turn

%: no passive effects
@: beast-form, flying
A: beast (slay +2), AC +5, unfitting armour, cold-blooded
a: Begin Untransformation, Renounce Religion


You were on level 3 of the Dungeon.
You worshipped Wu Jian.
Wu Jian was noncommittal.
You were a hulking beast.
You visited 1 branch of the dungeon, and saw 3 of its levels.

You collected 144 gold pieces.

Inventory:

Jewellery
 d - a ring of flight (left hand)
 h - a +6 ring of strength (right hand)
Talismans
 b - a beast talisman (active)
 k - a talisman of death
Scrolls
 c - a scroll of identify {unknown}
 f - a scroll of enchant armour {unknown}
 g - a scroll of amnesia {unknown}
 l - a scroll of vulnerability {unknown}
 m - 2 scrolls of teleportation {unknown}
Potions
 a - 2 potions of lignification
 e - 2 potions of enlightenment {unknown}
 i - a potion of invisibility {unknown}
 j - 2 potions of attraction {unknown}


   Skills:
 - Level 1.1 Fighting
 - Level 1.7 Dodging
 * Level 4.8 Unarmed Combat
 + Level 3.7 Shapeshifting


You had 3 spell levels left.
You didn't know any spells.
Your spell library contained the following spells:

 Spells                   Type           Power      Damage    Failure   Level
 Fireball                 Conj/Fire      0%         3d3       100%        5
 Iskenderun's Battlesphe  Conj           0%         2d6       100%        5
 Conjure Ball Lightning   Conj/Air       0%         3x3d6     100%        6
 Orb of Destruction       Conj           0%         9d5       100%        7


Dungeon Overview and Level Annotations

Branches:
Dungeon (3/15)

Altars:
Vehumet
Wu Jian

Annotations:
D:3 Robin


Innate Abilities, Weirdness & Mutations

You are a hulking beast.
Your limbs bulge with bestial killing power. (Slay +2)
Your plain brown scales are hard. (AC +5)
You cannot fit into any form of body armour.
You are cold-blooded and may be slowed by cold attacks.


Message History

Unknown command.
You barely miss the orc.
You tail-slap the orc, but do no damage.
The orc priest invokes the aid of Beogh against you.
You barely resist.
Unknown command.
Unknown command.
You hit the orc but do no damage. Your punch misses the orc.
The orc hits you with a +0 whip of electrocution.
The orc priest calls down the wrath of Beogh upon you.
Pain shoots through your body!
Unknown command.
Unknown command.
You punch the orc!
You kill the orc!
The Council accepts your kill.
Unknown command.
Unknown command.
You barely miss the orc priest. The orc priest closely misses you.
Unknown command.
You hit the orc priest.
The orc priest is moderately wounded.
The orc priest invokes the aid of Beogh against you.
Pain shoots through your body!
You are too injured to fight recklessly!
You barely miss the orc priest. You tail-slap the orc priest!
Your punch misses the orc priest.
The orc priest is almost dead.
The orc priest calls down the wrath of Beogh upon you.
Pain shoots through your body!
* * * LOW HITPOINT WARNING * * *
You are too injured to fight recklessly!
Unknown command.
You are too injured to fight recklessly!
Unknown command.
You closely miss the orc priest.
The orc priest is almost dead.
The orc priest mumbles some strange prayers to Beogh against you.
Beogh smites you!
You die...

#.. ..# . #.. ..####
.#+###+#.. #.##..
.#.....#..###.##.#
.+.._..+..+.#.##.#
.#.###
.#.....#..#...##)####.#
......
.#'###+#..#....>hooo..#
..#.#
.#...[.#..#.####.###..#
..#.### #'##'##+##'.#
#.# ......
....#..†..### #.#
####^### ....#.....#
#.. #.......
#'##+##+### ###
#....... ........#
#....... .########
####.#..._... ##
######## #....#.......


You could see an orc priest and 2 orcs.

Vanquished Creatures
  A hound (D:3)
  2 adders
  2 worms (D:2)
  A dart slug (D:2)
  2 orcs (D:3)
  5 ball pythons
  7 endoplasms
  3 giant cockroaches
  3 hobgoblins
  10 jackals
  2 quokkas
  4 bats
  2 frilled lizards (D:2)
  8 goblins
  2 kobolds
  6 rats
60 creatures vanquished.

Notes
Turn   | Place    | Note
-------+----------+-------------------------------------------
     0 | D:1      | floatRand the Draconian Shapeshifter began the quest for
                  | the Orb.
     0 | D:1      | Reached XP level 1. HP: 16/16 MP: 1/1
   131 | D:1      | Reached XP level 2. HP: 23/23 MP: 2/2
   671 | D:1      | Reached XP level 3. HP: 26/28 MP: 3/3
   944 | D:2      | Reached skill level 4 in Unarmed Combat
   991 | D:2      | Identified the +6 mace "Yliud" {flame, +Blink Will++}
  1481 | D:2      | Reached XP level 4. HP: 27/35 MP: 4/4
  2133 | D:3      | Found an ornate altar of the Wu Jian Council.
  2143 | D:3      | Became a worshipper of the Wu Jian Council
  2161 | D:3      | Noticed Robin
  2183 | D:3      | Found a radiant altar of Vehumet.
  2213 | D:3      | Killed from afar by an orc priest

Illustrated notes

Levels and vault maps discovered:
D:1:      dpeg_chamrin_arrival_tetris, layout_basic
D:2:      layout_loops_ring, serial_rivers, chequers_serial_rivers_micro_a,
          chequers_serial_rivers_small_b, chequers_serial_rivers_micro_c,
          chequers_serial_rivers_small_3, chequers_serial_rivers_large_a,
          chequers_serial_rivers_room_a
D:3:      layout_loops_corners, mainiacjoe_overflow_24_doors, lemuel_tele_altar,
          uniq_robin

Skill      XL: |  1  2  3 |
---------------+----------+-----
Unarmed Combat | 4 |  4.8
Fighting       | |  1.1
Dodging        | |  1.7
Shapeshifting  | |  3.7

Action                     |  1- 3 |  4- 6 || total
---------------------------+-------+-------++-------
  Melee: Unarmed           |    78 |    45 ||   123
         Tailslap          |    10 |     5 ||    15
         Punch             |     3 |       ||     3
         Mace              |    15 |       ||    15
Ability: Lunge             |       |     4 ||     4
 Armour: Skin              |    27 |    12 ||    39
  Dodge: Dodged            |    57 |    20 ||    77

Table legend: (Time is in decaauts)
 A = Elapsed time spent in this place.
 B = Non-inter-level travel time spent in this place.
 C = Inter-level travel time spent in this place.
 D = Time resting spent in this place.
 E = Time spent auto-exploring this place.
 F = Levels seen in this place.
 G = Mean time per level.
                   A        B        C        D        E       F      G
               +--------+--------+--------+--------+--------+-----+--------+
         Total |   2209 |   2170 |     39 |    162 |   1529 |   3 |  736.3 |
       Dungeon |   2209 |   2170 |     39 |    162 |   1529 |   3 |  736.3 |
               +--------+--------+--------+--------+--------+-----+--------+

Top non-repeatable levels by time:
     D:2: 908 daAuts
     D:1: 898 daAuts
     D:3: 402 daAuts
